 Dungeon Crawl Stone Soup version 0.29.0-10-g45618ea6d2 (webtiles) character file.

Game seed: 17027660165276189037

702 RevDB the Conjurer (level 7, -6/36 HPs)
             Began as a Deep Elf Conjurer on Sept 1, 2022.
             Mangled by Duvessa
             ... wielding a +0 short sword
              (16 damage)
             ... on level 4 of the Dungeon.
             The game lasted 00:21:29 (3166 turns).

RevDB the Conjurer (Deep Elf Conjurer)              Turns: 3166, Time: 00:21:29

Health: -6/36      AC:  4    Str:  4    XL:     7   Next: 39%
Magic:  1/18       EV: 12    Int: 25    God:
Gold:   211        SH:  0    Dex: 13    Spells: 9/18 levels left

rFire   . . .      SeeInvis .   u - +0 dagger (drain)
rCold   . . .      Faith    .   (no shield)
rNeg    . . .      Spirit   .   a - +0 robe
rPois   .          Reflect  .   f - +2 hat
rElec   .          Harm     .   (no cloak)
rCorr   .          Rampage  .   (no gloves)
Will    .....                   (no boots)
Stlth   ++........              (no amulet)
HPRegen 0.12/turn               c - +4 ring of slaying
MPRegen 0.16/turn               (no ring)

@: no status effects
A: no striking features
a: no special abilities


You were on level 4 of the Dungeon.
You visited 1 branch of the dungeon, and saw 4 of its levels.

You collected 211 gold pieces.

Inventory:

Hand Weapons
 u - a +0 dagger of draining (weapon)
Armour
 a - a +0 robe (worn)
 f - a +2 hat (worn)
Magical Staves
 q - a staff of death
Jewellery
 c - a +4 ring of slaying (left hand)
Wands
 i - a wand of flame (14)
Scrolls
 e - 2 scrolls of immolation {unknown}
 j - 2 scrolls of teleportation {unknown}
 l - 2 scrolls of enchant weapon {unknown}
 o - a scroll of blinking {unknown}
 r - 2 scrolls of identify {unknown}
 s - a scroll of fear {unknown}
 t - a scroll of vulnerability {unknown}
Potions
 b - 2 potions of magic
 g - 2 potions of heal wounds {unknown}
 h - 3 potions of haste {unknown}
 k - 2 potions of cancellation {unknown}
 m - 3 potions of curing {unknown}
 n - a potion of degeneration {unknown}
 p - a potion of flight {unknown}


   Skills:
 - Level 3.0 Dodging
 - Level 3.0 Stealth
 - Level 6.0 Spellcasting
 - Level 7.0 Conjurations
 + Level 4.7 Translocations
 - Level 1.0 Evocations


You had 9 spell levels left.
You knew the following spells:

 Your Spells              Type           Power      Damage    Failure   Level
a - Magic Dart            Conj           100%       1d8       1%          1
b - Searing Ray           Conj           84%        2d7       1%          2
c - Blink                 Tloc           62%        N/A       1%          2
d - Iskenderun's Mystic   Conj/Tloc      36%        2d9       7%          4

Your spell library contained the following spells:

 Spells                   Type           Power      Damage    Failure   Level
 Conjure Flame            Conj/Fire      25%        6-21      5%          3
 Dazzling Flash           Conj/Hex       50%        N/A       5%          3
 Stone Arrow              Conj/Erth      50%        3d10      5%          3
 Sandblast                Erth           14%        2d6       8%          1
 Passwall                 Tmut/Erth      5%         N/A       11%         2
 Fulminant Prism          Conj/Hex       12%        3d9       17%         4
 Sticky Flame             Conj/Fire      25%        2d5       17%         4
 Ignite Poison            Fire/Tmut/Pois 7%         N/A       22%         3
 Manifold Assault         Tloc           31%        N/A       28%         5
 Summon Lightning Spire   Summ/Air       7%         N/A       58%         4
 Storm Form               Tmut/Air       3%         N/A       100%        7
 Maxwell's Capacitive Co  Air            3%         ∞         100%        8


Dungeon Overview and Level Annotations

Branches:
Dungeon (4/15)
 Temple: D:4-7

Altars:
Xom

Shops:
D:3 [

Annotations:
D:4 Duvessa


Message History

The searing ray hits Dowan!
Dowan is severely wounded.
The searing ray hits Dowan!
You kill Dowan!
You hear a distant scream of rage.
Duvessa, Sister of Dowan comes into view.
She is wielding a +0 short sword.
Duvessa goes berserk!
Items here: $ ) [ †.
Duvessa rages.
Duvessa rages.
Casting: Searing Ray (safe; 1% risk of failure)
Confirm with . or Enter, or press ? or * to list all spells.
Aiming: Searing Ray (safe; 1% risk of failure)
Press: ? - help, Shift-Dir - straight line, f - Duvessa
Aim: Duvessa, wielding a +0 short sword and wearing a +0 ring mail (berserk, 87% to hit)
The searing ray hits Duvessa.
Duvessa is lightly wounded. (Press . to maintain the ray.) Duvessa hits you with a +0 short sword.
The searing ray hits Duvessa.
Duvessa is moderately wounded.
Duvessa hits you with a +0 short sword. Duvessa closely misses you.
The searing ray hits Duvessa.
Duvessa is moderately wounded.
Duvessa hits you with a +0 short sword!
The searing ray hits Duvessa.
Duvessa is moderately wounded.
You finish channelling your searing ray.
Duvessa barely misses you. x2
You hit Duvessa.
Duvessa is heavily wounded.
Duvessa hits you with a +0 short sword.
* * * LOW HITPOINT WARNING * * *
Casting: Searing Ray (safe; 1% risk of failure)
Confirm with . or Enter, or press ? or * to list all spells.
You don't have enough magic to cast this spell.
Duvessa closely misses you.
Duvessa rages.
Duvessa hits you with a +0 short sword!
You die...

#. #...### .#.#
##...# ...# .##...##
# #..# #.##..##
#.#..# ######.##..#
#. #.
.....####.........)#
#.##.
#......###...#..#
##.... #......#
#......# ##.....
#..e@..###.####.#
.......
#.###........†..#
#....<#####.#
#############
#.....)....#
#...)......#
############


You could see Duvessa (berserk).

Vanquished Creatures
  Grinder (D:4)
  Sigmund (D:3)
  Dowan (D:4)
  An orc priest (D:3)
  Jessica (D:3)
  Natasha (thrice) (D:2)
  4 gnolls (D:3)
  5 adders
  2 worms (D:3)
  A dart slug (D:2)
  9 orcs
  5 endoplasms
  5 giant cockroaches
  8 goblins
  4 hobgoblins
  2 jackals (D:4)
  6 kobolds
  6 quokkas
  9 ball pythons
  5 bats (D:1)
  2 frilled lizards
  2 rats (D:1)
83 creatures vanquished.

Vanquished Creatures (others)
  32 plants (D:2)
32 creatures vanquished.

Grand Total: 115 creatures vanquished

Notes
Turn   | Place    | Note
-------+----------+-------------------------------------------
     0 | D:1      | RevDB the Deep Elf Conjurer began the quest for the Orb.
     0 | D:1      | Reached XP level 1. HP: 10/10 MP: 6/6
   115 | D:1      | Reached XP level 2. HP: 15/15 MP: 2/8
   118 | D:1      | Learned a level 2 spell: Searing Ray
   141 | D:1      | Reached skill level 5 in Conjurations
   188 | D:1      | Found a faded altar of an unknown god.
   684 | D:1      | Learned a level 2 spell: Blink
   842 | D:2      | Reached XP level 3. HP: 19/19 MP: 5/10
   858 | D:2      | Reached skill level 1 in Translocations
   968 | D:2      | Noticed Natasha
   972 | D:2      | Killed Natasha
   988 | D:2      | Found a shimmering altar of Xom.
  1023 | D:2      | Reached skill level 5 in Spellcasting
  1023 | D:2      | Reached XP level 4. HP: 21/24 MP: 10/13
  1163 | D:2      | Noticed Natasha
  1168 | D:2      | Killed Natasha
  1169 | D:2      | Reached skill level 1 in Evocations
  1277 | D:2      | Noticed Natasha
  1285 | D:2      | Killed Natasha
  1286 | D:2      | Reached XP level 5. HP: 11/28 MP: 8/14
  2022 | D:3      | Reached skill level 6 in Conjurations
  2035 | D:3      | Noticed Jessica
  2039 | D:3      | Killed Jessica
  2327 | D:3      | Learned a level 4 spell: Iskenderun's Mystic Blast
  2370 | D:3      | Reached XP level 6. HP: 32/32 MP: 12/17
  2387 | D:3      | Found Edoil's Antique Armour Emporium.
  2543 | D:3      | Noticed Sigmund
  2552 | D:3      | Killed Sigmund
  2983 | D:4      | Noticed Grinder
  2987 | D:4      | Paralysed by Grinder for 4 turns
  3008 | D:4      | Killed Grinder
  3009 | D:4      | Reached skill level 7 in Conjurations
  3009 | D:4      | Reached XP level 7. HP: 30/36 MP: 2/18
  3146 | D:4      | Noticed Dowan
  3151 | D:4      | Killed Dowan
  3151 | D:4      | Noticed Duvessa
  3166 | D:4      | Mangled by Duvessa

Illustrated notes

Levels and vault maps discovered:
D:1:      tarquinn_simple_flora_water_b, layout_loops_ring,
          hellmonk_ecumenical_altar_leap_of_faith,
          amcnicky_mini_corridor_feature
D:2:      wad_woods_pond, layout_basic, basic_altar, minivault_24,
          minmay_cut_off, uniq_natasha
D:3:      layout_basic, serial_shops, shop, kennysheep_jessica_study,
          uniq_sigmund
D:4:      layout_loops_ring, minmay_circle_x, uniq_duvessa, uniq_grinder

Skill      XL: |  1  2  3  4  5  6 |
---------------+-------------------+-----
Conjurations   | 5 6 7 |  7.0
Spellcasting   | 4 5 6 |  6.0
Translocations | 1 4 |  4.7
Stealth        | 3 |  3.0
Dodging        | 3 |  3.0
Evocations     | 1 |  1.0

Action                   |  1- 3 |  4- 6 |  7- 9 || total
-------------------------+-------+-------+-------++-------
Melee: Short sword       |    17 |     9 |       ||    26
       Unarmed           |     1 |       |       ||     1
       Punch             |       |     1 |       ||     1
       Dagger            |       |       |     3 ||     3
 Cast: Magic Dart        |    44 |    53 |    12 ||   109
       Searing Ray       |     1 |    13 |     4 ||    18
 Stab: Sleeping          |     1 |       |       ||     1
Armor: Robe              |     2 |     3 |       ||     5
Dodge: Dodged            |    12 |     5 |     6 ||    23
